 Dungeon Crawl Stone Soup version 0.29-a0-1009-g60c99734e7 (webtiles) character file.

Game seed: 8187402497365900059

317 Manisian the Caller (level 6, -2/33 HPs)
             Began as a Deep Elf Summoner on Aug 8, 2022.
             Slain by an adder (3 damage)
             ... in a sewer.
             The game lasted 00:08:25 (4969 turns).

Manisian the Caller (Deep Elf Summoner)             Turns: 4969, Time: 00:08:26

Health: -2/33      AC:  2    Str:  4 (5)  XL:     6   Next: 20%
Magic:  3/15       EV: 10    Int: 19 (22) God:
Gold:   374        SH:  0    Dex: 14 (15) Spells: 1/14 levels left

rFire   . . .      SeeInvis .   g - +0 halberd
rCold   . . .      Faith    .   (shield currently unavailable)
rNeg    . . .      Spirit   .   a - +0 robe
rPois   .          Reflect  .   (no helmet)
rElec   .          Harm     .   (no cloak)
rCorr   .          Rampage  .   (no gloves)
Will    .....                   (no boots)
Stlth   ++........              (no amulet)
HPRegen 0.11/turn               (no ring)
MPRegen 0.14/turn               (no ring)

@: constricted, very slow
A: no striking features
a: no special abilities


You were in a sewer.
You visited 1 branch of the dungeon, and saw 5 of its levels.
You also visited: Sewer.

You collected 374 gold pieces.

Inventory:

Hand Weapons
 g - a +0 halberd (weapon)
Armour
 a - a +0 robe (worn)
Jewellery
 m - a +6 ring of dexterity
Scrolls
 h - 3 scrolls of magic mapping
Potions
 b - a potion of magic
 c - a potion of brilliance {unknown}
 d - 3 potions of heal wounds {unknown}
 e - 2 potions of degeneration
 f - a potion of might {unknown}
 i - 2 potions of mutation {unknown}
 j - 2 potions of resistance
 k - 2 potions of curing {unknown}
 l - a potion of invisibility {unknown}


   Skills:
 + Level 0.8 Fighting
 + Level 1.9 Polearms
 + Level 3.0 Dodging
 - Level 4.1 Stealth
 + Level 4.7 Spellcasting
 + Level 0.5 Hexes
 + Level 5.8 Summonings


You had one spell level left.
You knew the following spells:

 Your Spells              Type           Power      Damage    Failure   Level
a - Summon Small Mammal   Summ           100%       N/A       1%          1
b - Call Imp              Summ           26%        N/A       1%          2
c - Call Canine Familiar  Summ           26%        N/A       3%          3
d - Summon Guardian Gole  Hex/Summ       16%        N/A       11%         3
e - Summon Lightning Spi  Summ/Air       15%        N/A       36%         4

Your spell library contained the following spells:

 Spells                   Type           Power      Damage    Failure   Level


Dungeon Overview and Level Annotations

Branches:
Dungeon (5/15)              Sewer (1/1)
 Temple: D:4-7

Altars:
Ashenzari
Wu Jian
Zin
The Shining One

Shops:
D:3 (


Message History

The ball python closely misses you. The rat attacks as you move away!
The rat bites you. The adder misses you. The ball python closely misses you.
The ball python grabs you. The ball python constricts you.
Your hound completely misses the nameless horror.
The rat misses your hound. The adder closely misses you.
The ball python bites you. The ball python constricts you.
* * * LOW HITPOINT WARNING * * *
Your hound bites the nameless horror but does no damage.
Your magical contamination has completely faded away.
Casting: Summon Lightning Spire (extremely dangerous; 30% risk of failure)
Confirm with . or Enter, or press ? or * to list all spells.
You don't have enough magic to cast this spell.
There are monsters nearby!
You escape the ball python's grasp.
Your hound bites the nameless horror but does no damage.
The rat bites your hound. The adder bites you.
* * * LOW HITPOINT WARNING * * *
Your hound splashes around in the water.
The rat closely misses your hound.
Unknown command.
The ball python attacks as you move away!
The ball python bites you.
* * * LOW HITPOINT WARNING * * *
The rat attacks as you move away!
The rat splashes around in the water.
Your hound closely misses the rat.
The adder bites you.
* * * LOW HITPOINT WARNING * * *
The ball python barely misses you. The ball python closely misses you.
Your hound splashes around in the water.
The rat bites your hound. The adder barely misses you.
The ball python bites you but does no damage.
The ball python grabs you. The ball python constricts you.
* * * LOW HITPOINT WARNING * * *
Unknown command.
It was a potion of degeneration.
There was something very wrong with that liquid.
You feel weakened.
You feel dopey.
You feel clumsy.
Your hound splashes around in the water.
The rat barely misses your hound. The adder bites you.
You die...

...# ...## #...##
#....####################
#......≈≈≈≈≈≈≈≈≈≈≈≈≈≈≈#.###
##....~~≈≈≈≈≈≈≈≈≈≈≈~~≈~...##
#.†..~~~~~≈≈≈≈≈≈Xr~~~~....##
#....~~~~#~≈#~~≈Sr~†hr.....#
##...~≈≈#~~~≈≈~@S≈~≈≈†.....#
###.#≈≈≈≈~~.~~~~≈≈≈≈......#
####################†...#
#...# #...# ...# ..# ##


You could see a nameless horror, an adder, a ball python, 3 rats and a friendly
hound (summoned).

Vanquished Creatures
  A howler monkey (D:4)
  4 adders
  A dart slug (D:3)
  An orc (D:4)
  5 ball pythons
  A bat (D:3)
  An endoplasm (D:3)
  2 giant cockroaches (D:3)
  A goblin (D:4)
  3 quokkas
  A frilled lizard (D:2)
  2 kobolds
  3 rats
26 creatures vanquished.

Vanquished Creatures (collateral kills)
  A phantom (D:4)
  3 river rats (Sewer)
  A worm (D:3)
  An orc (D:5)
  5 endoplasms
  4 hobgoblins
  4 kobolds
  A quokka (D:1)
  5 ball pythons
  3 bats (D:1)
  A frilled lizard (D:1)
  12 rats
41 creatures vanquished.

Vanquished Creatures (others)
  A black bear (D:4)
  4 toadstools (D:1)
5 creatures vanquished.

Grand Total: 72 creatures vanquished

Notes
Turn   | Place    | Note
-------+----------+-------------------------------------------
     0 | D:1      | Manisian the Deep Elf Summoner began the quest for the Orb.
     0 | D:1      | Reached XP level 1. HP: 10/10 MP: 6/6
   346 | D:1      | Reached XP level 2. HP: 15/15 MP: 5/8
   356 | D:1      | Learned a level 2 spell: Call Imp
   933 | D:1      | Reached skill level 5 in Summonings
  1583 | D:2      | Found a glowing silver altar of Zin.
  1651 | D:2      | Found a faded altar of an unknown god.
  2125 | D:3      | Reached XP level 3. HP: 15/19 MP: 3/10
  2189 | D:3      | Learned a level 3 spell: Call Canine Familiar
  2193 | D:3      | Learned a level 3 spell: Summon Guardian Golem
  2586 | D:3      | Found an ornate altar of the Wu Jian Council.
  2983 | D:3      | Found Buin's Antique Weapon Shop.
  2997 | D:3      | Found a broken altar of Ashenzari.
  3329 | D:4      | Noticed a black bear
  3339 | D:4      | Killed a black bear
  3340 | D:4      | Reached skill level 1 in Polearms
  3340 | D:4      | Reached XP level 4. HP: 24/24 MP: 6/12
  3446 | D:4      | Noticed a phantom
  3456 | D:4      | Killed a phantom
  3457 | D:4      | Reached XP level 5. HP: 21/28 MP: 7/13
  3920 | D:4      | Found a glowing golden altar of the Shining One.
  4379 | D:5      | Entered Level 5 of the Dungeon
  4507 | D:5      | Found a glowing drain.
  4514 | D:5      | Reached XP level 6. HP: 33/33 MP: 15/15
  4520 | Sewer    | Entered a sewer
  4526 | Sewer    | Learned a level 4 spell: Summon Lightning Spire
  4958 | Sewer    | Noticed a nameless horror
  4968 | Sewer    | HP: 1/33 [constriction (1)]
  4969 | Sewer    | Slain by an adder

Illustrated notes

Levels and vault maps discovered:
D:1:      ldierk_water_garden, layout_loops_ring,
          chequers_serial_rivers_micro_d, minivault_19,
          chequers_serial_rivers_large_a
D:2:      layout_loops_ring, basic_altar, shapermc_ecumenical_altar_venn
D:3:      layout_basic, nzn_wu_jian_council_hall, old_standard_altar,
          serial_shops, shop
D:4:      layout_loops_ring, amcnicky_altar_gilded, minmay_puff
D:5:      layout_layer_cave, minmay_temple_entry_hall, portal_sewer_entry_d,
          minmay_fractal_squares_diagonal_5
Sewer:    sewer_minmay_w

Skill      XL: |  1  2  3  4  5  6 |
---------------+-------------------+-----
Summonings     | 5 |  5.8
Polearms       | 1 |  1.9
Stealth        | 3 4 |  4.1
Spellcasting   | 4 |  4.7
Dodging        | 3 |  3.0
Fighting       | |  0.8
Hexes          | |  0.5

Action                   |  1- 3 |  4- 6 || total
-------------------------+-------+-------++-------
Melee: Unarmed           |     5 |       ||     5
       Halberd           |    33 |    68 ||   101
 Cast: Summon Small Mamm |    31 |     7 ||    38
       Call Imp          |     7 |     1 ||     8
       Call Canine Famil |     3 |     4 ||     7
       Summon Guardian G |     1 |     2 ||     3
       Summon Lightning  |       |     4 ||     4
  Use: Scroll            |     4 |     2 ||     6
       Potion            |       |     1 ||     1
 Stab: Sleeping          |     7 |     3 ||    10
       Distracted        |     1 |       ||     1
Armor: Robe              |    14 |    10 ||    24
Dodge: Dodged            |    50 |    74 ||   124

Table legend: (Time is in decaauts)
 A = Elapsed time spent in this place.
 B = Non-inter-level travel time spent in this place.
 C = Inter-level travel time spent in this place.
 D = Time resting spent in this place.
 E = Time spent auto-exploring this place.
 F = Levels seen in this place.
 G = Mean time per level.
                   A        B        C        D        E       F      G
               +--------+--------+--------+--------+--------+-----+--------+
         Total |   5060 |   4959 |    101 |    139 |   3949 |   6 |  843.3 |
       Dungeon |   4566 |   4465 |    101 |    100 |   3647 |   5 |  913.2 |
         Sewer |    494 |    494 |      0 |     39 |    302 |   1 |  494.0 |
               +--------+--------+--------+--------+--------+-----+--------+

Top non-repeatable levels by time:
     D:4: 1320 daAuts
     D:1: 1216 daAuts
     D:3: 1027 daAuts
     D:2: 855 daAuts
   Sewer: 494 daAuts
     D:5: 146 daAuts
